 Dungeon Crawl Stone Soup version 0.26-a0-712-ga5a9c9c (webtiles) character file.

Game seed: 15434520831126703050

27 TheGoonsmith the Caller (level 2, 0/15 HPs)
             Began as a Deep Elf Summoner on Oct 31, 2020.
             Killed from afar by a dart slug (4 damage)
             ... with a slug dart
             ... on level 2 of the Dungeon.
             The game lasted 00:03:32 (1770 turns).

TheGoonsmith the Caller (Deep Elf Summoner)         Turns: 1770, Time: 00:03:33

Health: 0/15       AC:  3    Str:  5    XL:     2   Next: 93%
Magic:  3/8        EV: 13    Int: 19    God:
Gold:   34         SH:  0    Dex: 15    Spells: 5/8 levels left

rFire    . . .     SeeInvis .   (no weapon)
rCold    . . .     Faith    .   (no shield)
rNeg     . . .     Spirit   .   a - +0 robe
rPois    .         Reflect  .   (no helmet)
rElec    .         Harm     .   (no cloak)
rCorr    .         Rampage  .   f - +0 pair of gloves
MR       .....                  (no boots)
Stlth    ++........             (no amulet)
HPRegen  0.05/turn              (no ring)
MPRegen  0.11/turn              (no ring)

@: no status effects
A: no striking features
a: no special abilities


You were on level 2 of the Dungeon.
You visited 1 branch of the dungeon, and saw 2 of its levels.

You collected 34 gold pieces.

Inventory:

Armour
 a - a +0 robe (worn)
 f - a +0 pair of gloves (worn)
Jewellery
 d - an uncursed amulet of guardian spirit {unknown}
 i - a cursed ring of teleportation {unknown}
Scrolls
 c - a scroll of magic mapping {unknown}
 h - a scroll of noise {unknown}
 j - a scroll of teleportation {unknown}
Potions
 b - a potion of ambrosia {unknown}
 e - 2 potions of haste {unknown}
 g - 3 potions of might {unknown}


   Skills:
 + Level 3.0 Dodging
 - Level 3.0 Stealth
 + Level 3.6 Spellcasting
 + Level 4.6 Summonings


You had 5 spell levels left.
You knew the following spells:

 Your Spells              Type           Power        Failure   Level
a - Summon Small Mammal   Summ           ###.         1%          1
b - Call Imp              Summ           ###.....     3%          2

Your spell library contained the following spells:

 Spells                   Type           Power        Failure   Level
 Call Canine Familiar     Summ           ###.....     6%          3
 Summon Guardian Golem    Hex/Summ       ##......     17%         3
 Summon Ice Beast         Ice/Summ       ##......     50%         4
 Summon Lightning Spire   Summ/Air       ##......     50%         4


Dungeon Overview and Level Annotations

Branches:
Dungeon (2/15)

Altars:


Message History

Unknown command.
You swap places.
Your quokka bites the hobgoblin.
The hobgoblin dies!
A dart slug comes into view.
What are your orders? t - Shout!
Orders for allies: a - Attack new target. r - Retreat! s - Stop attacking. g - Guard the area. f - Follow me.
Anything else - Cancel.
Guard this area!
The dart slug launches a dart at you. The slug dart hits you.
* * * LOW HITPOINT WARNING * * *
Casting: Call Imp (safe; 3% risk of failure)
Confirm with . or Enter, or press ? or * to list all spells.
A beastly little devil appears in a puff of flame.
The dart slug launches a dart at you. The slug dart hits you.
You die...

.<....... ##...
...>.....#.....$..#
........##........ .
.....##.##..# #..##### ..
#...#.......####.....####..#
#.#.#.#.......#......#.....
..#.#.#................#
.##.............5.....!##
..............@<...$.[#
.###..w.....r5.†.....#
#........[...5.....#..
#......................
#..........÷...........#
.....#..............#...###
#######......#.....##....#
#.####.####### ....# #...
#.# ....#


You could see a dart slug, 3 friendly crimson imps and a friendly quokka
(summoned).

Vanquished Creatures (collateral kills)
  2 adders (D:2)
  A gnoll (D:1)
  3 giant cockroaches (D:1)
  A goblin (D:1)
  6 hobgoblins
  A jackal (D:1)
  3 kobolds
  3 bats
  A rat (D:1)
21 creatures vanquished.

Notes
Turn   | Place    | Note
-------+----------+-------------------------------------------
     0 | D:1      | TheGoonsmith the Deep Elf Summoner began the quest for the
                  | Orb.
     0 | D:1      | Reached XP level 1. HP: 10/10 MP: 6/6
   329 | D:1      | Reached XP level 2. HP: 11/15 MP: 2/8
   835 | D:1      | Learned a level 2 spell: Call Imp
  1770 | D:2      | Killed from afar by a dart slug

Illustrated notes

Levels and vault maps discovered:
D:1:      sevenhm_arrival_forest_fort_small_5, layout_basic,
          chequers_serial_rivers_micro_e, corexii_corridor_pit, st_stairs_13
D:2:      layout_rooms, overflow_temple_1_default, grunt_ministairs_2,
          uniq_jessica

Skill      XL: |  1  2 |
---------------+-------+-----
Stealth        | 3 |  3.0
Dodging        | 3 |  3.0
Spellcasting   | |  3.6
Summonings     | |  4.6

Action                   || total
-------------------------++-------
Melee: Unarmed           ||    11
 Cast: Summon Small Mamm ||    35
       Call Imp          ||    14
Armor: Robe              ||    33
Dodge: Dodged            ||    67

Table legend: (Time is in decaauts)
 A = Elapsed time spent in this place.
 B = Non-inter-level travel time spent in this place.
 C = Inter-level travel time spent in this place.
 D = Time resting spent in this place.
 E = Time spent auto-exploring this place.
 F = Levels seen in this place.
 G = Mean time per level.
                   A        B        C        D        E       F      G
               +--------+--------+--------+--------+--------+-----+--------+
         Total |   1775 |   1680 |     95 |     53 |   1345 |   2 |  887.5 |
       Dungeon |   1775 |   1680 |     95 |     53 |   1345 |   2 |  887.5 |
               +--------+--------+--------+--------+--------+-----+--------+

Top non-repeatable levels by time:
     D:1: 1687 daAuts
     D:2: 87 daAuts
